 Dungeon Sprint DCSS version 0.19-b1-4-gd8a0a2a (webtiles) character file.

1404 Groucho the Cleaver (level 8, -6/121 HPs)
             Began as a Naga Fighter on Oct 31, 2016.
             Was a Priest of Cheibriados (penitent).
             Mangled by a nine-headed hydra (12 damage)
             ... in the Dungeon (Sprint IX: "|||||||||||||||||||||||||||||").
             The game lasted 00:02:57 (516 turns).

Groucho the Cleaver (Naga Fighter)                   Turns: 516, Time: 00:02:58

Health: -6/121     AC: 14    Str: 27    XL:     8   Next: 70%
Magic:  15/15      EV:  7    Int:  9    God:    Cheibriados [*]
Gold:   0          SH: 11    Dex: 12    Spells: 0 memorised, 7 levels left

rFire  . . .     SeeInvis +     o - +3 war axe (freeze)
rCold  . . .     Gourm    .     q - +1 scale mail
rNeg   . . .     Faith    .     c - +0 shield
rPois  +         Spirit   .     (no helmet)
rElec  .         Reflect  .     (no cloak)
rCorr  .         Harm     .     p - +0 pair of gloves
MR     +....     NoTele   +     a - +0 naga barding
Stlth  ..........               (no amulet)
                                r - +3 ring of strength
                                b - +2 ring of evasion

@: mighty, berserking, very slow
A: see invisible, deformed body, poison resistance, slowness 2, slow metabolism
1, spit poison 1, AC +2
a: Spit Poison, Renounce Religion


You were in the Dungeon.
You worshipped Cheibriados.
Cheibriados was demanding penance.
You were not hungry.

You visited 1 branch

Inventory:

Hand Weapons
 o - a +3 war axe of freezing (weapon)
Armour
 a - a +0 naga barding (worn)
 c - a +0 shield (worn)
 p - a +0 pair of gloves (worn)
 q - a +1 scale mail (worn)
Jewellery
 b - a +2 ring of evasion (left hand)
 r - a +3 ring of strength (right hand)
Wands
 n - a wand of iceblast (0/15)
Scrolls
 l - 3 scrolls of remove curse
 m - 2 scrolls of amnesia
Potions
 e - 4 potions of curing
 i - 4 potions of magic
Comestibles
 f - a bread ration


   Skills:
 + Level 8.0 Fighting
 * Level 10.6 Axes
 + Level 6.6 Armour
 + Level 6.6 Shields
 * Level 10.1 Invocations


You had 7 spell levels left.
You didn't know any spells.

Dungeon Overview and Level Annotations

Branches:
Dungeon (1/1)

Altars:
Cheibriados
Dithmenos
Elyvilon
Fedhas
Gozag
Hepliaklqana
Kikubaaqudgha
Makhleb
Nemelex Xobeh
Okawaru
Qazlal
Ru
Sif Muna
Trog
Uskayaw
Vehumet
Xom
Yredelemnul
Zin
The Shining One
Beogh
Jiyva
Lugonu


Innate Abilities, Weirdness & Mutations

You cannot wear boots.
Your serpentine skin is tough. (AC +2)
You have supernaturally acute eyesight. (SInv)
Armour fits poorly on your strangely shaped body.
Your system is resistant to poisons. (rPois)
You cover ground very slowly.
You have a slow metabolism.
You can spit poison.


Message History

The nine-headed hydra bites you!
* * * LOW HITPOINT WARNING * * *
You block the nine-headed hydra's attack.
The nine-headed hydra barely misses you.
Okay, then.
A red film seems to cover your vision as you go berserk!
Cheibriados thinks you should slow down.
You feel very guilty.
You can no longer inflict damage on those overly hasty.
Cheibriados lowers the support of your attributes as your movement quickens. "You will pay for your transgression, mortal!"
Cheibriados forces you to slow down.
You feel mighty!
The nine-headed hydra bites you but does no damage. x2
You block the nine-headed hydra's attack.
The nine-headed hydra barely misses you.
The nine-headed hydra bites you!
* * * LOW HITPOINT WARNING * * *
The nine-headed hydra bites you!
You die...

▓_▓
▓_▓
▓_▓
▓_▓
▓_▓
▓_▓
▓_▓
▓_▓
▓@▓
▓D▓
▓Z▓
▓.▓
▓.▓
▓|▓
▓)▓
▓.▓
▓.▓


You could see a nine-headed hydra and a bat skeleton.

Vanquished Creatures
  A centaur warrior (D)
  A komodo dragon (D)
  A troll (D)
  A phantom (D)
  An ogre (D)
  A hound (D)
  An iguana (D)
  An adder (D)
  2 shadow imps (D)
  A dart slug (D)
  A goblin (D)
  A hobgoblin (D)
  3 jackals (D)
  A quokka (D)
  A leopard gecko zombie (D)
  A rat (D)
19 creatures vanquished.

Notes
Turn   | Place    | Note
-------+----------+-------------------------------------------
     0 | D        | Groucho the Naga Fighter began the quest for the Orb.
     0 | D        | Reached XP level 1. HP: 21/21 MP: 1/1
    13 | D        | Reached XP level 2. HP: 27/28 MP: 2/2
    40 | D        | Reached XP level 3. HP: 34/36 MP: 3/3
    45 | D        | Reached skill level 5 in Axes
    51 | D        | Found a roughly hewn altar of Beogh.
    51 | D        | Found a snail-covered altar of Cheibriados.
    51 | D        | Found a shadowy altar of Dithmenos.
    51 | D        | Found a white marble altar of Elyvilon.
    51 | D        | Found a blossoming altar of Fedhas.
    51 | D        | Found an opulent altar of Gozag.
    52 | D        | Found a hazy altar of Hepliaklqana.
    53 | D        | Found a viscous altar of Jiyva.
    54 | D        | Found an ancient bone altar of Kikubaaqudgha.
    55 | D        | Found a corrupted altar of Lugonu.
    56 | D        | Found a burning altar of Makhleb.
    63 | D        | Became a worshipper of Cheibriados the Contemplative
    66 | D        | Found a sparkling altar of Nemelex Xobeh.
    67 | D        | Found an iron altar of Okawaru.
    68 | D        | Found a stormy altar of Qazlal.
    69 | D        | Found a sacrificial altar of Ru.
    70 | D        | Found a deep blue altar of Sif Muna.
    71 | D        | Found a bloodstained altar of Trog.
    72 | D        | Found a hide-covered altar of Uskayaw.
    73 | D        | Found a radiant altar of Vehumet.
    74 | D        | Found a shimmering altar of Xom.
    75 | D        | Found a basalt altar of Yredelemnul.
    76 | D        | Found a glowing silver altar of Zin.
    77 | D        | Found a glowing golden altar of the Shining One.
   131 | D        | Noticed a komodo dragon
   131 | D        | Noticed a phantom
   141 | D        | Killed a komodo dragon
   141 | D        | Reached skill level 5 in Fighting
   141 | D        | Reached skill level 5 in Shields
   141 | D        | Reached XP level 4. HP: 48/48 MP: 3/8
   141 | D        | Reached XP level 5. HP: 55/55 MP: 3/9
   141 | D        | Reached XP level 6. HP: 62/62 MP: 3/10
   150 | D        | Reached * piety under Cheibriados
   150 | D        | Reached skill level 5 in Armour
   153 | D        | Reached ** piety under Cheibriados
   167 | D        | Killed a phantom
   167 | D        | Reached XP level 7. HP: 42/70 MP: 6/12
   404 | D        | Noticed a centaur warrior
   404 | D        | Noticed a six-headed hydra
   404 | D        | Noticed a troll
   404 | D        | Noticed a manticore
   409 | D        | Reached *** piety under Cheibriados
   421 | D        | Killed a centaur warrior
   421 | D        | Reached skill level 10 in Axes
   421 | D        | Reached XP level 8. HP: 27/81 MP: 12/15
   512 | D        | Killed a troll
   512 | D        | Reached **** piety under Cheibriados
   512 | D        | Reached skill level 10 in Invocations
   516 | D        | Was placed under penance by Cheibriados
   516 | D        | HP: 6/121 [nine-headed hydra (7)]
   516 | D        | Mangled by a nine-headed hydra

Skill      XL: |  1  2  3  4  5  6  7  8 |
---------------+-------------------------+-----
Axes           | 3 4 7 8 10 | 10.6
Armour         | 3 4 5 6 |  6.6
Shields        | 3 5 6 |  6.6
Fighting       | 4 5 6 7 8 |  8.0
Invocations    | 6 7 9 10 | 10.1

Action                   |  1- 3 |  4- 6 |  7- 9 || total
-------------------------+-------+-------+-------++-------
Melee: War axe           |    39 |    26 |    23 ||    88
Evoke: Wand              |       |       |     7 ||     7
  Use: Potion            |     5 |       |     3 ||     8
       Scroll            |       |       |     2 ||     2
 Stab: Invisible         |     1 |     6 |       ||     7
Armor: Scale mail        |    11 |     7 |    14 ||    32
Dodge: Dodged            |     7 |     5 |     8 ||    20
Block: Shield            |    14 |     7 |    19 ||    40
